Map: [ESL] Tropical Sacrifice

Players

Neeb - Winner!

  • Race: Protoss Protoss
  • Spawn Location: 7:00

Vindicta

  • Race: Terran Terran
  • Spawn Location: 1:00

Event: DreamHack SC2 Masters 2022 Atlanta (Online)

VOD

Have the link to the VOD?

Description

Time

  • Played on: Oct. 4, 2022, 3:47 p.m.
  • Length: 14:43

All games in this series

Show
View Real Time Build Order
Export as new Build Order

Neeb Protoss - Winner!

Build Orders: 1 Gate Expand, Phoenix Opening, Blink Stalkers 

Get SALT Encoding   

  12  0:00  Probe  
  13  0:12  Probe  
  14  0:17  Pylon  
  14  0:24  Probe (Chrono Boost)  
  16  0:36  Gateway, Probe (Chrono Boost)  
  16  0:43  Probe (Chrono Boost)  
  16  0:47  Assimilator  
  17  0:51  Probe  
  18  1:03  Probe  
  19  1:15  Probe  
  20  1:23  Nexus  
  20  1:33  Cybernetics Core  
  20  1:36  Probe  
  21  1:41  Assimilator  
  21  1:48  Probe  
  21  1:51  Pylon  
  22  2:00  Probe (Chrono Boost)  
  23  2:06  Adept (Chrono Boost)  
  23  2:09  Warp Gate  
  23  2:10  Probe (Chrono Boost)  
  26  2:16  Probe  
  26  2:20  Shield Battery  
  27  2:28  Probe  
  29  2:30  Sentry (Chrono Boost)  
  29  2:35  Probe  
  30  2:40  Probe  
  31  2:44  Twilight Council  
  31  2:47  Probe  
  32  2:51  Stalker (Chrono Boost)  
  32  2:52  Probe  
  35  2:59  Probe  
  35  3:03  Phoenix  
  35  3:04  Probe  
  37  3:08  Gateway  
  37  3:11  Probe  
  38  3:16  Probe, Blink (Chrono Boost)  
  39  3:23  Probe  
  40  3:29  Pylon  
  40  3:30  Probe  
  41  3:35  Probe  
  38  3:45  Probe (Chrono Boost)  
  38  3:47  Probe (Chrono Boost)  
  37  3:52  Robotics Facility  
  38  3:59  Probe (Chrono Boost)  
  38  4:00  Probe (Chrono Boost)  
  38  4:02  Nexus  
  39  4:03  Probe (Chrono Boost)  
  39  4:07  Probe  
  41  4:12  Stalker  
  41  4:13  Sentry  
  41  4:15  Probe  
  46  4:18  Assimilator  
  46  4:21  Pylon  
  46  4:22  Probe  
  47  4:25  Pylon  
  47  4:27  Probe  
  48  4:34  Probe  
  48  4:36  Stalker  
  51  4:42  Observer, Stalker  
  51  4:44  Probe  
  55  4:46  Probe  
  56  4:55  Gateway  
  56  4:56  Probe  
  56  4:58  Gateway  
  57  5:03  Probe, Pylon  
  57  5:04  Charge  
  57  5:05  Observer (Chrono Boost)  
  59  5:08  Probe  
  59  5:10  Forge  
  60  5:15  Probe  
  60  5:16  Probe  
  60  5:19  Stalker  
  60  5:21  Probe  
  65  5:27  Probe  
  65  5:28  Probe  
  64  5:33  Protoss Ground Armor Level 1 (Chrono Boost)  
  64  5:34  Probe  
  61  5:39  Probe  
  61  5:40  Probe  
  61  5:41  Gateway  
  63  5:43  Gateway  
  63  5:45  Gateway  
  63  5:48  Gateway  
  63  5:50  Sentry  
  63  5:52  Sentry  
  63  5:53  Probe x2  
  63  5:54  Probe  
  63  5:56  Pylon  
  70  5:59  Stalker  
  70  6:03  Observer  
  72  6:05  Shield Battery  
  72  6:06  Zealot  
  72  6:07  Pylon  
  74  6:16  Probe  
  75  6:20  Zealot x2  
  75  6:21  Immortal  
  75  6:23  Pylon  
  81  6:33  Zealot x2  
  81  6:35  Probe  
  81  6:36  Stalker  
  81  6:38  Observer  
  81  6:39  Probe  
  88  6:43  Stalker x2  
  88  6:45  Stalker x2  
  93  6:50  Pylon  
  93  6:51  Probe  
  93  6:52  Probe  
  93  6:53  Probe  
  96  6:57  Zealot x3  
  102  7:02  Immortal (Chrono Boost)  
  106  7:10  Pylon  
  106  7:14  Zealot x3  
  112  7:25  Robotics Bay  
  112  7:27  Zealot x3  
  112  7:28  Pylon  
  116  7:30  Zealot  
  116  7:31  Zealot  
  116  7:33  Protoss Ground Weapons Level 1 (Chrono Boost)  
  116  7:35  Pylon  
  120  7:37  Pylon  
  120  7:42  Probe  
  120  7:43  Probe  
  122  7:46  Probe, Assimilator  
  122  7:47  Assimilator, Pylon  
  123  7:52  Assimilator  
  123  7:54  Probe  
  123  7:55  Probe  
  123  7:57  Pylon  
  123  7:58  Pylon  
  125  8:01  Probe  
  125  8:04  Warp Prism (Chrono Boost)  
  126  8:11  Robotics Facility, Extended Thermal Lance (Chrono Boost)  
  126  8:12  Probe x2  
  128  8:30  Colossus (Chrono Boost)  
  130  8:37  Nexus  
  130  8:40  Probe x3, Pylon  
  133  8:44  Forge  
  133  8:48  Shield Battery  
  133  8:50  Pylon  
  131  8:56  Probe x3  
  131  9:00  Photon Cannon  
  131  9:01  Colossus (Chrono Boost)  
  131  9:02  Shield Battery  
  134  9:05  Pylon  
  134  9:07  Templar Archives  
  134  9:09  Probe x2  
  142  9:13  Probe  
  143  9:21  Colossus (Chrono Boost)  
  149  9:27  Stalker x2  
  153  9:31  Stalker  
  155  9:40  Protoss Ground Armor Level 2 (Chrono Boost), Protoss Ground Weapons Level 2 (Chrono Boost)  
  155  9:44  Probe  
  158  9:52  Disruptor (Chrono Boost)  
  157  9:58  Stalker x3  
  157  9:59  Zealot x4  
  172  10:02  Pylon  
  172  10:09  Shield Battery, Disruptor (Chrono Boost)  
  175  10:19  Nexus  
  172  10:22  Probe x2  
  172  10:23  Probe x2  
  174  10:30  Pylon  
  174  10:31  Dark Shrine  
  174  10:32  Disruptor (Chrono Boost)  
  176  10:44  Observer (Chrono Boost)  
  176  10:51  Gateway x2  
  176  10:57  Gateway, Stalker x5  
  176  10:58  Zealot x3  
  192  11:06  Disruptor (Chrono Boost)  
  192  11:07  Disruptor (Chrono Boost)  
  192  11:08  Gateway  
  196  11:32  Photon Cannon  
  194  11:34  Disruptor (Chrono Boost)  
  194  11:36  Zealot, Photon Cannon  
  199  11:50  Protoss Shields Level 1 (Chrono Boost)  
  199  11:53  Protoss Ground Weapons Level 3 (Chrono Boost)  
  199  11:54  Shadow Stride  
  187  12:16  Stalker x6  
  199  12:25  Zealot x2  
  199  12:28  Zealot  
  195  12:43  Disruptor x2 (Chrono Boost)  
  176  12:47  Zealot x11  
  198  12:59  Nexus  
  198  13:01  Pylon  
  160  13:16  Zealot x12  
  176  13:21  Disruptor x2 (Chrono Boost)  
  174  13:37  Stalker x5  
  174  13:38  Stalker x7  
  194  13:51  Observer  
  187  14:21  Zealot x10  
  187  14:22  Stalker  
  198  14:27  Probe x2  
Show
View Real Time Build Order
Export as new Build Order

Vindicta Terran 

Build Orders:  

Get SALT Encoding   

  12  0:00  SCV  
  13  0:12  SCV  
  14  0:17  Supply Depot  
  14  0:24  SCV  
  15  0:39  SCV  
  15  0:40  Barracks  
  16  0:44  Refinery  
  16  0:51  SCV  
  16  0:54  Refinery  
  17  1:03  SCV  
  18  1:15  SCV  
  19  1:28  Reaper, Orbital Command  
  19  1:31  Supply Depot  
  20  1:46  Factory  
  20  1:54  SCV  
  20  2:00  Reaper  
  22  2:06  SCV  
  23  2:18  SCV  
  24  2:31  Command Center  
  24  2:33  Hellion  
  24  2:35  Reaper  
  27  2:40  SCV  
  28  2:46  Supply Depot  
  28  2:52  SCV  
  28  2:54  Hellion  
  31  3:02  Supply Depot  
  31  3:07  Starport  
  31  3:09  Barracks Reactor  
  31  3:12  SCV  
  32  3:16  Widow Mine  
  34  3:24  SCV  
  34  3:36  SCV  
  34  3:38  Factory Tech Lab  
  33  3:45  Marine  
  33  3:50  Orbital Command  
  33  3:52  Starport Tech Lab  
  33  3:54  Marine  
  32  3:57  Bunker  
  32  4:00  SCV  
  33  4:03  Marine  
  33  4:04  Siege Tank  
  37  4:11  Raven  
  37  4:12  SCV, Marine  
  37  4:16  SCV  
  42  4:21  Marine  
  42  4:24  Barracks  
  43  4:26  SCV  
  43  4:28  SCV  
  43  4:30  Marine  
  46  4:37  Siege Tank  
  49  4:38  SCV  
  49  4:39  Marine  
  49  4:43  SCV  
  51  4:48  Marine  
  51  4:50  Barracks, SCV  
  53  4:53  Supply Depot  
  53  4:56  SCV, Marine  
  55  5:03  Engineering Bay, SCV  
  55  5:06  Marine  
  56  5:10  SCV, Siege Tank  
  56  5:12  Starport Reactor  
  60  5:14  Marine  
  60  5:21  Stimpack  
  61  5:22  Supply Depot  
  61  5:23  Marine  
  61  5:24  SCV, Marine  
  61  5:27  SCV  
  61  5:35  Terran Infantry Weapons Level 1, Marine  
  59  5:37  SCV  
  59  5:39  Refinery  
  59  5:40  Refinery  
  59  5:41  Marine  
  59  5:42  SCV  
  62  5:47  Supply Depot  
  62  5:49  SCV, Marine  
  63  5:54  SCV, Combat Shield  
  63  5:55  Marine  
  63  5:56  Marine  
  66  6:00  Supply Depot  
  66  6:01  SCV  
  67  6:04  Marine  
  67  6:07  Marine  
  67  6:10  Supply Depot  
  69  6:13  SCV, Medivac, Factory Reactor  
  72  6:19  Marine x2  
  72  6:22  SCV  
  72  6:25  SCV, Marauder  
  78  6:28  Medivac  
  78  6:34  SCV  
  78  6:37  SCV  
  78  6:38  Marauder, Marine  
  83  6:45  Marine  
  83  6:47  Marauder  
  87  6:48  Supply Depot  
  87  6:53  Command Center, SCV  
  87  6:54  Medivac  
  87  6:58  Widow Mine  
  91  7:02  Concussive Shells  
  91  7:03  Marine  
  91  7:08  Marine  
  93  7:09  SCV, Marine  
  93  7:15  Supply Depot  
  94  7:19  Marauder  
  96  7:26  SCV, Marauder  
  96  7:27  Barracks x2  
  96  7:29  Terran Infantry Armor Level 1  
  99  7:33  Widow Mine  
  99  7:36  Viking  
  105  7:37  Widow Mine  
  105  7:38  Viking  
  106  7:45  SCV x2  
  106  7:46  Supply Depot, Marine  
  109  7:54  Ghost Academy  
  109  7:57  SCV  
  110  8:03  Supply Depot  
  110  8:04  Widow Mine x2  
  114  8:06  Liberator  
  114  8:08  SCV  
  114  8:12  Marauder  
  120  8:16  Barracks Reactor, Barracks Tech Lab  
  120  8:20  SCV  
  120  8:22  SCV  
  120  8:23  Marine  
  125  8:32  SCV  
  125  8:34  Marauder  
  127  8:35  Orbital Command  
  127  8:39  Ghost  
  127  8:40  Refinery  
  126  8:43  SCV  
  126  8:44  SCV  
  126  8:45  Enhanced Shockwaves  
  128  8:50  Ghost  
  128  8:55  SCV  
  131  8:58  Supply Depot, Refinery  
  131  8:59  Ghost  
  133  9:07  SCV  
  133  9:08  Sensor Tower  
  134  9:11  Supply Depot, SCV  
  138  9:20  Missile Turret  
  138  9:21  Supply Depot  
  138  9:24  Missile Turret  
  137  9:25  Viking  
  137  9:28  Viking  
  137  9:30  Missile Turret  
  141  9:32  SCV  
  141  9:33  Supply Depot  
  141  9:37  Marauder  
  144  9:42  Armory  
  144  9:45  Engineering Bay, Ghost  
  143  9:46  Missile Turret  
  143  9:47  Missile Turret, Widow Mine  
  147  9:56  Supply Depot  
  147  9:58  Marauder  
  149  10:07  Marine  
  149  10:08  Viking x2  
  149  10:13  Command Center, Widow Mine x2  
  155  10:22  SCV, Marauder  
  155  10:24  Marauder  
  157  10:30  Marine  
  157  10:31  Marine  
  161  10:39  SCV  
  161  10:41  Supply Depot  
  161  10:42  Supply Depot  
  162  10:44  Viking x2  
  162  10:45  Terran Infantry Armor Level 2, Terran Infantry Weapons Level 2  
  162  10:49  Terran Ship Weapons Level 1  
  164  10:51  Marauder  
  164  10:52  SCV, Marauder  
  164  10:56  SCV  
  169  11:04  Marauder  
  168  11:12  Marauder, Marine x2  
  168  11:14  Viking x2  
  174  11:24  Supply Depot  
  176  11:28  Marauder  
  176  11:31  Marine  
  175  11:34  SCV, Marauder  
  175  11:39  Marauder  
  180  11:45  SCV x2  
  180  11:46  Barracks, Barracks Tech Lab  
  180  11:47  Barracks  
  182  11:48  Barracks  
  182  11:50  Liberator  
  182  11:53  Refinery, SCV  
  186  12:00  Refinery, Sensor Tower  
  165  12:15  Marine  
  165  12:17  Marauder x2, Marine x3  
  165  12:18  SCV x2  
  165  12:21  Sensor Tower  
  168  12:27  SCV  
  166  12:33  Marine  
  166  12:34  Marine  
  166  12:35  Marauder, Marine  
  164  12:38  Marine  
  164  12:39  Marauder  
  164  12:42  Medivac  
  147  12:46  Medivac  
  147  12:47  SCV  
  150  12:51  Marine  
  150  12:52  Marine, Planetary Fortress  
  150  12:55  SCV  
  150  12:56  Marauder  
  158  12:59  Barracks Tech Lab x3  
  158  13:00  SCV  
  156  13:09  Marauder  
  156  13:11  Medivac  
  136  13:13  Marine  
  136  13:14  SCV  
  136  13:16  Medivac  
  136  13:19  Marauder  
  144  13:25  Marine  
  144  13:29  SCV x3  
  144  13:31  Widow Mine x2  
  144  13:32  Marine  
  146  13:35  Marine  
  146  13:36  SCV  
  146  13:37  Marine  
  146  13:38  Marine x2  
  146  13:40  Marine  
  152  13:41  Marine  
  152  13:43  Marine  
  153  13:49  Liberator  
  153  13:51  SCV x2  
  153  13:52  SCV x2  
  161  13:55  Widow Mine  
  161  13:56  Sensor Tower  
  161  13:57  Widow Mine  
  161  13:59  Marine x3  
  161  14:00  Marine  
  161  14:01  Marine  
  161  14:02  Marine  
  169  14:07  Marine  
  169  14:08  Marauder  
  169  14:09  SCV  
  169  14:12  Marine  
  156  14:17  Widow Mine, Marauder  
  156  14:18  Marine  
  156  14:19  Marine  
  156  14:21  Marine  
  156  14:23  Marine  
Tags
 
Add a new tag
Caveats
  • Supply blocks, unpowered buildings, or Contaminate may cause inaccurate times.
  • Supply counts are checked every 10 seconds.